 Dungeon Crawl Stone Soup version 0.28.0-53-g5a82cb258f (webtiles) character file.

Game seed: 16019114493029654797

14 Arcadio the Gusty (level 2, 0/15 HPs)
             Began as a Tengu Air Elementalist on Aug 21, 2022.
             Slain by a hound (3 damage)
             ... on level 1 of the Dungeon.
             The game lasted 00:07:11 (1008 turns).

Arcadio the Gusty (Tengu Air Elementalist)          Turns: 1008, Time: 00:07:12

Health: 0/15       AC:  2    Str:  8    XL:     2   Next: 45%
Magic:  5/6        EV: 12    Int: 15    God:
Gold:   52         SH:  0    Dex: 14    Spells: 2/5 levels left

rFire   . . .      SeeInvis .   c - +0 short sword
rCold   . . .      Faith    .   (no shield)
rNeg    . . .      Spirit   .   a - +0 robe
rPois   .          Reflect  .   (helmet restricted)
rElec   .          Harm     .   (no cloak)
rCorr   .          Rampage  .   (no gloves)
Will    .....                   (boots unavailable)
Stlth   ++........              (no amulet)
HPRegen 0.05/turn               (no ring)
MPRegen 0.10/turn               (no ring)

@: very slightly contaminated
A: beak, talons 3
a: no special abilities


You were on level 1 of the Dungeon.
You visited 1 branch of the dungeon, and saw 2 of its levels.

You collected 52 gold pieces.

Inventory:

Hand Weapons
 c - a +0 short sword (weapon)
Armour
 a - a +0 robe (worn)
Scrolls
 b - 2 scrolls of teleportation {unknown}
 d - a scroll of noise {unknown}
Potions
 e - a potion of curing {unknown}
 f - a potion of degeneration {unknown}


   Skills:
 + Level 2.6 Dodging
 - Level 2.0 Stealth
 + Level 2.3 Spellcasting
 - Level 1.3 Conjurations
 + Level 4.4 Air Magic


You had 2 spell levels left.
You knew the following spells:

 Your Spells              Type           Power      Damage    Failure   Level
a - Shock                 Conj/Air       40%        1d5       7%          1
b - Static Discharge      Conj/Air       10%        N/A       10%         2

Your spell library contained the following spells:

 Spells                   Type           Power      Damage    Failure   Level
 Swiftness                Air            14%        N/A       11%         3
 Airstrike                Air            7%         N/A       34%         4
 Chain Lightning          Conj/Air       5%         3d6       100%        9
 Polar Vortex             Ice            0%         N/A       100%        9


Dungeon Overview and Level Annotations

Branches:
Dungeon (2/15)

Altars:

Shops:
D:1 =


Innate Abilities, Weirdness & Mutations

You have a beak for a mouth.
You have claws for feet.


Message History

Press: ? - help, Shift-Dir - straight line, f/p - kobold
Aim: a kobold, wielding a +0 short sword (60% to hit)
The zap hits the kobold.
The kobold is severely wounded.
The kobold hits you but does no damage.
Casting: Shock (safe; 7% risk of failure)
Confirm with . or Enter, or press ? or * to list all spells.
Aiming: Shock (safe; 7% risk of failure)
Press: ? - help, Shift-Dir - straight line, f/p - kobold
Aim: a kobold, wielding a +0 short sword (severely wounded, 60% to hit)
The zap misses the kobold.
The kobold hits you with a +0 short sword.
Casting: Shock (safe; 7% risk of failure)
Confirm with . or Enter, or press ? or * to list all spells.
Aiming: Shock (safe; 7% risk of failure)
Press: ? - help, Shift-Dir - straight line, f/p - kobold
Aim: a kobold, wielding a +0 short sword (severely wounded, 60% to hit)
The zap hits the kobold.
You kill the kobold!
You start resting.
Magic restored.
You start resting.
HP restored.
You climb downwards.
The hound bites you. The hobgoblin hits you. The hound bites you.
* * * LOW HITPOINT WARNING * * *
There is a stone staircase leading up here.
The hound closely misses you. The hobgoblin barely misses you.
The hound closely misses you.
You climb upwards.
There is a stone staircase leading down here.
Casting: Shock (safe; 7% risk of failure)
Confirm with . or Enter, or press ? or * to list all spells.
Aiming: Shock (safe; 7% risk of failure)
Press: ? - help, Shift-Dir - straight line, f - hobgoblin
Aim: a hobgoblin (68% to hit)
You miscast Shock.
You are very lightly contaminated with residual magic.
Nothing appears to happen.
The hound bites you.
You die...

...## #.........# ....#
#.........# ########
....# #.........#
#....... ....#
#.........# #.......
....# #.........#
#.......
....########.........#
#.......
...........#.[.......###
#.......
...........#.....g.....#
#.......
.......)...#....@h>)...#
#.......
....############+#.....#
#....... ....#
##.......###.......
....#
####.........########+
##### #............# #.
#..........#.########.
#..........#..........
#....################.
#....# #.


You could see a hound and a hobgoblin.

Vanquished Creatures
  A dart slug (D:1)
  2 ball pythons (D:1)
  2 goblins (D:1)
  3 kobolds (D:1)
  A bat (D:1)
  A frilled lizard (D:1)
  4 rats (D:1)
14 creatures vanquished.

Notes
Turn   | Place    | Note
-------+----------+-------------------------------------------
     0 | D:1      | Arcadio the Tengu Air Elementalist began the quest for the
                  | Orb.
     0 | D:1      | Reached XP level 1. HP: 10/10 MP: 4/4
   412 | D:1      | Reached XP level 2. HP: 15/15 MP: 1/6
   598 | D:1      | Found Amymiujiav's Jewellery Emporium.
   719 | D:1      | Got the Catalogue of Glacial Combat Magic
   723 | D:1      | Learned a level 2 spell: Static Discharge
  1008 | D:1      | Slain by a hound

Illustrated notes

Levels and vault maps discovered:
D:1:      tarquinn_simple_flora_water_c, layout_basic, serial_shops, shop
D:2:      layout_rooms

Action                   || total
-------------------------++-------
Melee: Short sword       ||     3
       Kick              ||     1
 Cast: Shock             ||    30
 Stab: Sleeping          ||     1
Armor: Robe              ||     1
Dodge: Dodged            ||    11
